PCL
CALGARY COWBOYS @ SPOKANE TRAPPERS
05/26/2026
 
TOP OF THE 1ST
Calgary Cowboys batting - Pitching for Spokane Trappers : RHP José Ortíz
Pitching: RHP José Ortíz
Batting: RHB Clark Hodge 0-0: Foul Ball, location: 2F
0-1: Swinging Strike
0-2: Ball
1-2: Ball
2-2: Ball
3-2: Base on Balls
Batting: RHB Dan Wyatt 0-0: Grounds into double play, U6-3 (Groundball, 6M)
Batting: LHB Terry Maloney 0-0: SINGLE (Flyball, 9LS)
Batting: LHB Miguel Pérez 0-0: DOUBLE (Groundball, 3D)
Terry Maloney to third
Batting: RHB Ramón Martínez 0-0: Ball
1-0: Ground out 5-3 (Groundball, 56S)
Top of the 1st over - 0 run(s), 2 hit(s), 0 error(s), 2 left on base; Calgary 0 - Spokane 0
BOTTOM OF THE 1ST
Spokane Trappers batting - Pitching for Calgary Cowboys : RHP Bert Killick
Pitching: RHP Bert Killick
Batting: RHB Tomás Carranza 0-0: Swinging Strike
0-1: Ball
1-1: Ball
2-1: Ball
3-1: Base on Balls
Batting: SHB Nick Cox 0-0: Ball
1-0: Swinging Strike
1-1: Ball
2-1: Foul Ball, location: 2F
2-2: Foul Ball, location: 2F
2-2: Ball
3-2: Strikes out looking
Batting: LHB Héctor Rentería 0-0: Ball
Tomás Carranza is caught stealing 2nd base
1-0: Foul Ball, location: 2F
1-1: Foul Ball, location: 2F
1-2: Foul Ball, location: 2F
1-2: Strikes out looking
Bottom of the 1st over - 0 run(s), 0 hit(s), 0 error(s), 0 left on base; Calgary 0 - Spokane 0
TOP OF THE 2ND
Calgary Cowboys batting - Pitching for Spokane Trappers : RHP José Ortíz
Batting: RHB Shayne Burry 0-0: Ball
1-0: Ground out 6-3 (Groundball, 6)
Batting: RHB Jesús Hernández 0-0: Ball
1-0: Ball
2-0: Bunted foul
2-1: Swinging Strike
2-2: Foul Ball, location: 2F
2-2: Ball
3-2: Foul Ball, location: 2F
3-2: Strikes out swinging
Batting: RHB Jorge Balencia 0-0: Foul Ball, location: 2F
0-1: SOLO HOME RUN (Line Drive, 7D), Distance : 383 ft
Batting: RHB Tom Yarbrough 0-0: Swinging Strike
0-1: Ball
1-1: Ball
2-1: Ground out 2-3 (Groundball, 25)
Top of the 2nd over - 1 run(s), 1 hit(s), 0 error(s), 0 left on base; Calgary 1 - Spokane 0
BOTTOM OF THE 2ND
Spokane Trappers batting - Pitching for Calgary Cowboys : RHP Bert Killick
Batting: RHB José Gómez 0-0: Called Strike
0-1: Ground out 6-3 (Groundball, 6)
Batting: RHB Clyde Kelley 0-0: Fly out, F6 (Popup, 6M)
Batting: RHB Toru Nakanishi 0-0: Called Strike
0-1: Called Strike
0-2: Foul Ball, location: 2F
0-2: Hit by Pitch
Batting: LHB Jesús Ramírez 0-0: Called Strike
0-1: Swinging Strike
0-2: Ball
1-2: Ball
2-2: Ball
3-2: Base on Balls
Toru Nakanishi to second
Batting: RHB Jeremy Carr 0-0: Ball
1-0: Ball
2-0: Reached on error, E6 (Groundball, 6)
Toru Nakanishi to third
Jesús Ramírez to second
Batting: RHB Pedro Rodríguez 0-0: Called Strike
0-1: Ball
1-1: Swinging Strike
1-2: Strikes out swinging
Bottom of the 2nd over - 0 run(s), 0 hit(s), 1 error(s), 3 left on base; Calgary 1 - Spokane 0
TOP OF THE 3RD
Calgary Cowboys batting - Pitching for Spokane Trappers : RHP José Ortíz
Batting: RHB Clark Hodge 0-0: Ball
1-0: Ball
2-0: Called Strike
2-1: Ball
3-1: Foul Ball, location: 2F
3-2: Strikes out swinging
Batting: RHB Dan Wyatt 0-0: Swinging Strike
0-1: Ball
1-1: Foul Ball, location: 2F
1-2: Foul Ball, location: 2F
1-2: Ball
2-2: Ball
3-2: Ground out 6-3 (Groundball, 6M)
Batting: LHB Terry Maloney 0-0: Called Strike
0-1: Ground out U3 (Groundball, 3S)
Top of the 3rd over - 0 run(s), 0 hit(s), 0 error(s), 0 left on base; Calgary 1 - Spokane 0
BOTTOM OF THE 3RD
Spokane Trappers batting - Pitching for Calgary Cowboys : RHP Bert Killick
Batting: RHB Tomás Carranza 0-0: Called Strike
0-1: Called Strike
0-2: Ball
1-2: Ground out 6-3 (Groundball, 56)
Batting: SHB Nick Cox 0-0: Foul Ball, location: 2F
0-1: Swinging Strike
0-2: Ball
1-2: Strikes out looking
Batting: LHB Héctor Rentería 0-0: Swinging Strike
0-1: Foul Ball, location: 2F
0-2: Ball
1-2: Ball
2-2: Ground out 4-3 (Groundball, 34)
Bottom of the 3rd over - 0 run(s), 0 hit(s), 0 error(s), 0 left on base; Calgary 1 - Spokane 0
TOP OF THE 4TH
Calgary Cowboys batting - Pitching for Spokane Trappers : RHP José Ortíz
Batting: LHB Miguel Pérez 0-0: Ball
1-0: Called Strike
1-1: Ball
2-1: Foul Ball, location: 2F
2-2: Hit by Pitch
Batting: RHB Ramón Martínez 0-0: Swinging Strike
0-1: Called Strike
0-2: Ball
1-2: Foul Ball, location: 2F
1-2: Ball
2-2: Strikes out swinging
Batting: RHB Shayne Burry 0-0: Called Strike
0-1: Foul Ball, location: 2F
0-2: Grounds into double play, 5-4-3 (Groundball, 56)
Top of the 4th over - 0 run(s), 0 hit(s), 0 error(s), 0 left on base; Calgary 1 - Spokane 0
BOTTOM OF THE 4TH
Spokane Trappers batting - Pitching for Calgary Cowboys : RHP Bert Killick
Batting: RHB José Gómez 0-0: Called Strike
0-1: Ball
1-1: Ground out 4-3 (Groundball, 4M)
Batting: RHB Clyde Kelley 0-0: Fly out, F9 (Flyball, 9D)
Batting: RHB Toru Nakanishi 0-0: Foul Ball, location: 2F
0-1: Ball
1-1: Foul Ball, location: 2F
1-2: Strikes out swinging
Bottom of the 4th over - 0 run(s), 0 hit(s), 0 error(s), 0 left on base; Calgary 1 - Spokane 0
TOP OF THE 5TH
Calgary Cowboys batting - Pitching for Spokane Trappers : RHP José Ortíz
Batting: RHB Jesús Hernández 0-0: Swinging Strike
0-1: Foul Ball, location: 2F
0-2: Ball
1-2: Strikes out swinging
Batting: RHB Jorge Balencia 0-0: DOUBLE (Line Drive, 9LS)
Batting: RHB Tom Yarbrough 0-0: Called Strike
0-1: Ball
1-1: Ground out U3 (Groundball, 3S)
Jorge Balencia to third
Batting: RHB Clark Hodge 0-0: Ball
1-0: Foul Ball, location: 2F
1-1: Ball
2-1: Swinging Strike
2-2: Ball
3-2: Base on Balls
Batting: RHB Dan Wyatt 0-0: Called Strike
0-1: Foul Ball, location: 2F
0-2: Strikes out looking
Top of the 5th over - 0 run(s), 1 hit(s), 0 error(s), 2 left on base; Calgary 1 - Spokane 0
BOTTOM OF THE 5TH
Spokane Trappers batting - Pitching for Calgary Cowboys : RHP Bert Killick
Batting: LHB Jesús Ramírez 0-0: Ball
1-0: Foul Ball, location: 2F
1-1: Ball
2-1: Foul Ball, location: 2F
2-2: Ball
3-2: SINGLE (Line Drive, 9LM)
Batting: RHB Jeremy Carr 0-0: Called Strike
0-1: Ball
1-1: Ball
2-1: Ball
3-1: TRIPLE (Line Drive, 8LXD)
Jesús Ramírez scores
Batting: RHB Pedro Rodríguez 0-0: Swinging Strike
0-1: Swinging Strike
0-2: Ball
1-2: Ball
2-2: Foul Ball, location: 2F
2-2: Strikes out looking
Batting: RHB Tomás Carranza 0-0: Ball
1-0: Ball
2-0: Ball
3-0: Called Strike
3-1: Base on Balls
Batting: SHB Nick Cox 0-0: Called Strike
0-1: Foul Ball, location: 2F
0-2: Ball
1-2: Foul Ball, location: 2F
1-2: Foul Ball, location: 2F
1-2: Fly out, F4 (Popup, 4)
Batting: LHB Héctor Rentería 0-0: Ball
1-0: Ball
2-0: Ball
3-0: Called Strike
3-1: Fly out, F8 (Flyball, 8LM)
Bottom of the 5th over - 1 run(s), 2 hit(s), 0 error(s), 2 left on base; Calgary 1 - Spokane 1
TOP OF THE 6TH
Calgary Cowboys batting - Pitching for Spokane Trappers : RHP José Ortíz
Batting: LHB Terry Maloney 0-0: DOUBLE (Groundball, 3D)
Batting: LHB Miguel Pérez 0-0: Intentional Walk
Batting: RHB Ramón Martínez 0-0: Ball
1-0: Ball
2-0: Foul Ball, location: 2F
2-1: Foul Ball, location: 2F
2-2: TRIPLE (Flyball, 9LD)
Terry Maloney scores
Miguel Pérez scores
Batting: RHB Shayne Burry 0-0: Intentional Walk
Pitching: RHP Ching-wei Zi
Batting: RHB Jesús Hernández 0-0: Ball
1-0: Ball
2-0: Fly out, F8 (Flyball, 78M)
Runner from 3rd tags up, SCORES, throw made
Batting: RHB Jorge Balencia 0-0: SINGLE (Groundball, 5L)
Shayne Burry to second
Batting: RHB Tom Yarbrough 0-0: Ball
1-0: Ball
2-0: Ball
3-0: Called Strike
3-1: SINGLE (Groundball, 5D)
Shayne Burry to third
Jorge Balencia to second
Batting: RHB Clark Hodge 0-0: Foul Ball, location: 2F
0-1: Called Strike
0-2: Ball
1-2: Ball
2-2: Foul Ball, location: 2F
2-2: SINGLE (Groundball, 4D)
Shayne Burry scores
Jorge Balencia to third
Tom Yarbrough to second
Batting: RHB Dan Wyatt 0-0: Foul Ball, location: 2F
0-1: Ball
1-1: Swinging Strike
1-2: Ball
2-2: Fly out, F9 (Flyball, 89S)
Batting: LHB Terry Maloney 0-0: DOUBLE (Line Drive, 7LM)
Jorge Balencia scores
Tom Yarbrough scores
Clark Hodge to third
Batting: LHB Miguel Pérez 0-0: Called Strike
0-1: SINGLE (Groundball, 4MD)
Clark Hodge scores
Terry Maloney to third
Runner from 3rd tries for Home, SAFE, no throw or cutoff
Pitching: LHP Pedro Mata
Batting: RHB Ramón Martínez 0-0: SINGLE (Line Drive, 56)
Miguel Pérez to second
Batting: RHB Shayne Burry 0-0: Fly out, F7 (Flyball, 78XD)
Top of the 6th over - 8 run(s), 8 hit(s), 0 error(s), 2 left on base; Calgary 9 - Spokane 1
BOTTOM OF THE 6TH
Spokane Trappers batting - Pitching for Calgary Cowboys : RHP Bert Killick
Pitching: RHP Michael Walton
Batting: RHB José Gómez 0-0: Ground out 6-3 (Groundball, 6)
Batting: RHB Clyde Kelley 0-0: Ball
1-0: Ball
2-0: Fly out, F7 (Flyball, 7LM)
Batting: RHB Toru Nakanishi 0-0: Ball
1-0: Called Strike
1-1: Foul Ball, location: 2F
1-2: Ball
2-2: SINGLE (Flyball, 8RS)
Batting: LHB Jesús Ramírez 0-0: Ball
1-0: Called Strike
1-1: Called Strike
1-2: Ball
2-2: Ball
3-2: Ground out 6-3 (Groundball, 6)
Bottom of the 6th over - 0 run(s), 1 hit(s), 0 error(s), 1 left on base; Calgary 9 - Spokane 1
TOP OF THE 7TH
Calgary Cowboys batting - Pitching for Spokane Trappers : LHP Pedro Mata
Batting: RHB Jesús Hernández 0-0: Foul Ball, location: 2F
0-1: Ball
1-1: Ball
2-1: Called Strike
2-2: Ground out 5-3 (Groundball, 5)
Batting: RHB Jorge Balencia 0-0: Called Strike
0-1: Ground out 1-3 (Groundball, 23)
Batting: RHB Tom Yarbrough 0-0: Swinging Strike
0-1: Ball
1-1: Ball
2-1: Ball
3-1: DOUBLE (Groundball, 5L)
Batting: RHB Clark Hodge 0-0: Called Strike
0-1: Ball
1-1: Called Strike
1-2: Ball
2-2: Ball
3-2: Foul Ball, location: 2F
3-2: Foul Ball, location: 2F
3-2: Strikes out swinging
Top of the 7th over - 0 run(s), 1 hit(s), 0 error(s), 1 left on base; Calgary 9 - Spokane 1
BOTTOM OF THE 7TH
Spokane Trappers batting - Pitching for Calgary Cowboys : RHP Michael Walton
Batting: RHB Jeremy Carr 0-0: SINGLE (Groundball, 34D)
Batting: RHB Pedro Rodríguez 0-0: Called Strike
0-1: Ball
1-1: SINGLE (Flyball, 4D)
Jeremy Carr to second
Runner from 2nd tries for 3rd, SAFE, no throw or cutoff
Batting: RHB Tomás Carranza 0-0: Ball
1-0: Ball
2-0: Called Strike
2-1: Ball
3-1: Fly out, F3 (Popup, 3S)
Batting: SHB Nick Cox 0-0: Ball
1-0: Ball
2-0: Fly out, F5 (Popup, 5SF)
Batting: LHB Héctor Rentería 0-0: Called Strike
0-1: Called Strike
0-2: SINGLE (Groundball, 56D)
Jeremy Carr scores
Pedro Rodríguez to second
Batting: RHB José Gómez 0-0: Fly out, F9 (Flyball, 89D)
Bottom of the 7th over - 1 run(s), 3 hit(s), 0 error(s), 2 left on base; Calgary 9 - Spokane 2
TOP OF THE 8TH
Calgary Cowboys batting - Pitching for Spokane Trappers : LHP Pedro Mata
Batting: RHB Dan Wyatt 0-0: Called Strike
0-1: Foul Ball, location: 2F
0-2: Ball
1-2: Ground out 4-3 (Groundball, 4M)
Batting: LHB Terry Maloney 0-0: Ball
1-0: Foul Ball, location: 2F
1-1: Swinging Strike
1-2: Strikes out swinging
Batting: LHB Miguel Pérez 0-0: Ball
1-0: Ball
2-0: Called Strike
2-1: Foul Ball, location: 2F
2-2: Strikes out looking
Top of the 8th over - 0 run(s), 0 hit(s), 0 error(s), 0 left on base; Calgary 9 - Spokane 2
BOTTOM OF THE 8TH
Spokane Trappers batting - Pitching for Calgary Cowboys : RHP Michael Walton
Pitching: LHP Boboy Ambay
Batting: RHB Clyde Kelley 0-0: Ball
1-0: Ball
2-0: Ball
3-0: Called Strike
3-1: Base on Balls
Batting: RHB Toru Nakanishi 0-0: Ball
1-0: Foul Ball, location: 2F
1-1: Fly out, F7 (Flyball, 7D)
Batting: LHB Jesús Ramírez 0-0: Foul Ball, location: 2F
0-1: Ball
1-1: Foul Ball, location: 2F
1-2: Strikes out swinging
Batting: RHB Jeremy Carr 0-0: Called Strike
0-1: Ball
1-1: Ball
2-1: Foul Ball, location: 2F
2-2: Foul Ball, location: 2F
2-2: SINGLE (Groundball, 56D) (infield hit)
Clyde Kelley to second
Batting: RHB Pedro Rodríguez 0-0: Foul Ball, location: 2F
0-1: SINGLE (Groundball, 6MD)
Clyde Kelley to third
Jeremy Carr to second
Runner from 3rd tries for Home, SAFE, no throw or cutoff
Batting: RHB Tomás Carranza 0-0: Called Strike
0-1: Ball
1-1: Called Strike
1-2: Ball
2-2: Foul Ball, location: 2F
2-2: Strikes out looking
Bottom of the 8th over - 1 run(s), 2 hit(s), 0 error(s), 2 left on base; Calgary 9 - Spokane 3
TOP OF THE 9TH
Calgary Cowboys batting - Pitching for Spokane Trappers : LHP Pedro Mata
Pitching: RHP César Rodríguez
Batting: RHB Ramón Martínez 0-0: Swinging Strike
0-1: Ball
1-1: Ball
2-1: Ball
3-1: Foul Ball, location: 2F
3-2: SINGLE (Line Drive, 6)
Batting: RHB Shayne Burry 0-0: Bunt missed!
0-1: Sac Bunt - play at first, batter OUT! 1-4
Ramón Martínez to second
Batting: RHB Jesús Hernández 0-0: SINGLE (Popup, 89S)
Ramón Martínez to third
Batting: RHB Jorge Balencia 0-0: Ball
1-0: Ball
2-0: Ball
3-0: Called Strike
3-1: Swinging Strike
3-2: Fielders Choice at 2nd, 1-6 (Groundball, 23)
Batting: RHB Tom Yarbrough 0-0: Ball
1-0: Ball
2-0: Fly out, F4 (Popup, 4D)
Top of the 9th over - 0 run(s), 2 hit(s), 0 error(s), 2 left on base; Calgary 9 - Spokane 3
BOTTOM OF THE 9TH
Spokane Trappers batting - Pitching for Calgary Cowboys : LHP Boboy Ambay
Batting: SHB Nick Cox 0-0: Ball
1-0: Ball
2-0: Called Strike
2-1: Ball
3-1: Foul Ball, location: 2F
3-2: Foul Ball, location: 2F
3-2: Base on Balls
Batting: LHB Héctor Rentería 0-0: Called Strike
0-1: Ball
1-1: Fielders Choice at 2nd, 4-6 (Groundball, 4)
Batting: RHB José Gómez 0-0: Swinging Strike
0-1: Ball
1-1: Called Strike
1-2: Grounds into double play, 6-4-3 (Groundball, 6)
Bottom of the 9th over - 0 run(s), 0 hit(s), 0 error(s), 0 left on base; Calgary 9 - Spokane 3
Monday, December 5th, 2016 - OOTP Baseball 17.12 Build 75